 Dungeon Crawl Stone Soup version 0.17.1-3-g152610e (webtiles) character file.

219 Jerry the Skirmisher (level 5, -11/57 HPs)
             Began as an Ogre Fighter on Mar 8, 2016.
             Mangled by an iguana (15 damage)
             ... on level 4 of the Dungeon.
             The game lasted 00:13:36 (3339 turns).

Jerry the Skirmisher (Ogre Fighter)                 Turns: 3339, Time: 00:13:36

Health: -11/57     AC:  4    Str: 21    XL:     5   Next: 96%
Magic:  14/14      EV: 10    Int:  7    God:
Gold:   273        SH:  9    Dex: 10    Spells: 0 memorised, 4 levels left

rFire  . . .     SeeInvis .     a - +0 flail
rCold  . . .     Clarity  .     b - +0 robe
rNeg   . . .     SustAt   .     c - +0 shield
rPois  .         Gourm    .     (helmet restricted)
rElec  .         Spirit   .     t - +0 cloak
rCorr  .         Warding  .     (gloves unavailable)
rMut   .         Stasis   .     (boots unavailable)
MR     .....                    (no amulet)
Stlth  +.........               r - ring of magical power
                                o - +1 ring of evasion

@: not resistant to hostile enchantments, very unstealthy
A: unfitting armour, tough skin 1
a: no special abilities


You were on level 4 of the Dungeon.
You were not hungry.

You visited 1 branch of the dungeon, and saw 4 of its levels.

You collected 273 gold pieces.

Inventory:

Hand Weapons
 a - a +0 flail (weapon)
Armour
 b - a +0 robe (worn)
 c - a +0 shield (worn)
 t - a +0 cloak (worn)
Jewellery
 o - a +1 ring of evasion (left hand)
 r - a ring of magical power (right hand)
Scrolls
 i - 3 scrolls of identify {unknown}
 k - a scroll of magic mapping {unknown}
 l - a scroll of amnesia {unknown}
 p - a scroll of remove curse {unknown}
 s - 2 scrolls of enchant armour {unknown}
 v - a scroll of teleportation {unknown}
 w - a scroll of blinking {unknown}
 x - a scroll of noise {unknown}
Potions
 d - 2 potions of might
 f - 2 potions of degeneration
 j - a potion of resistance {unknown}
 m - 2 potions of heal wounds {unknown}
 q - a potion of poison {unknown}
Comestibles
 e - 7 bread rations
 g - 2 chunks of flesh
 h - a meat ration
 n - a slice of pizza
 u - a royal jelly


   Skills:
 + Level 5.2 Fighting
 + Level 4.0 Maces & Flails
 + Level 1.8 Armour
 + Level 3.5 Dodging
 + Level 3.5 Shields


You had 4 spell levels left.
You didn't know any spells.

Dungeon Overview and Level Annotations

Branches:
Dungeon (4/15)
 Temple: D:4-7

Altars:
Gozag
Nemelex Xobeh
Qazlal
Vehumet

Annotations:
D:2 Sigmund


Innate Abilities, Weirdness & Mutations

You are too large for most types of armour.
You have tough skin (AC +1).


Message History

You sock the iguana!
The iguana is heavily wounded.
The iguana bites you.
* * * LOW HITPOINT WARNING * * *
You hit the iguana but do no damage.
The iguana is heavily wounded.
The iguana bites you but does no damage.
You closely miss the iguana.
The iguana is heavily wounded.
The iguana bites you.
* * * LOW HITPOINT WARNING * * *
You block the iguana's attack.
You barely miss the iguana.
The iguana is moderately wounded.
The iguana bites you!
* * * LOW HITPOINT WARNING * * *
You thump the iguana!
The iguana is almost dead.
The iguana bites you!
You die...

#### ## ...# #.. .... ...#
##.# ##.## #..#
#..##.....##..#
#..#.......#..#
###########.l#.......#..#
#...........@...._......#
#......####..#.......#..#####
#......# #..#.......#.......
#......# #..##.....##.####..
#......# ##.####.####.#.....
#......# #...........+.....
#......# ##..###...###.....
#......#######.# ##### #.....
#####.##...###'### #.....


You could see an iguana.

Vanquished Creatures
  A scorpion (D:4)
  A worker ant (D:4)
  7 adders
  A worm (D:2)
  5 orcs
  A ball python (D:3)
  8 bats
  4 goblins
  10 hobgoblins
  10 jackals
  4 kobolds
  2 quokkas
  6 giant cockroaches
  3 giant newts
  4 rats
67 creatures vanquished.

Notes
Turn   | Place    | Note
--------------------------------------------------------------
     0 | D:1      | Jerry the Ogre Fighter began the quest for the Orb.
     0 | D:1      | Reached XP level 1. HP: 24/24 MP: 1/1
    83 | D:1      | Reached XP level 2. HP: 32/32 MP: 2/2
   537 | D:1      | Reached XP level 3. HP: 40/40 MP: 3/3
   829 | D:2      | Noticed Sigmund
  1022 | D:2      | Found a stormy altar of Qazlal.
  1022 | D:2      | Noticed an air elemental
  1026 | D:2      | Noticed an earth elemental
  1028 | D:2      | Noticed a water elemental
  1028 | D:2      | Noticed a fire elemental
  1069 | D:1      | HP: 2/40 [poisoned by an adder]
  1137 | D:1      | Reached skill level 1 in Armour
  1391 | D:2      | Reached XP level 4. HP: 29/49 MP: 4/4
  2496 | D:4      | Found a sparkling altar of Nemelex Xobeh.
  2497 | D:4      | Found a radiant altar of Vehumet.
  2591 | D:4      | Reached XP level 5. HP: 44/55 MP: 5/5
  2812 | D:4      | Found an opulent altar of Gozag.
  2821 | D:4      | Reached skill level 5 in Fighting
  3020 | D:4      | Noticed an ogre
  3339 | D:4      | Mangled by an iguana

Action                   |  1- 3 |  4- 6 || total
-------------------------+-------+-------++-------
Melee: Flail             |   141 |   131 ||   272
  Use: Potion            |     2 |     1 ||     3
 Stab: Sleeping          |       |     1 ||     1
  Eat: Chunk             |     2 |     6 ||     8
